 Dungeon Crawl Stone Soup version 0.20.1-1-g8b1a95d (webtiles) character file.

52255 corax the Fighter (level 14, -5/120 HPs)
             Began as a Mummy Fighter on Sept 5, 2017.
             Was an Initiate of Gozag.
             Slain by a yak (13 damage)
             ... on level 6 of the Lair of Beasts.
             The game lasted 01:57:16 (23662 turns).

corax the Fighter (Mummy Fighter)                  Turns: 23662, Time: 01:57:18

Health: -5/120     AC: 13    Str: 25    XL:     14   Next: 26%
Magic:  17/17      EV: 13    Int: 13    God:    Gozag
Gold:   2370       SH:  0    Dex: 15    Spells: 13/13 levels left

rFire    x . .     SeeInvis +   b - +8 battleaxe (venom)
rCold    + . .     Gourm    .   (shield currently unavailable)
rNeg     + + +     Faith    .   m - +0 troll leather armour
rPois    ∞         Spirit   .   p - +2 hat
rElec    .         Reflect  .   y - +0 cloak of Piroj {Str+3 Int+4 Dex+3}
rCorr    .         Harm     .   l - +2 pair of gloves
MR       +....                  (no boots)
Stlth    ++........             (no amulet)
Regen    0.7/turn               o - +2 ring of evasion
MPRegen  0.2/turn               U - ring of see invisible

@: gold aura
A: no food or potions, fire vulnerability, cold resistance 1, negative energy
resistance 3, torment resistance, unbreathing, in touch with death 1
a: Potion Petition, Call Merchant, Bribe Branch, Renounce Religion


You were on level 6 of the Lair of Beasts.
You worshipped Gozag.
Gozag was most pleased with you.
You were not hungry.

You visited 3 branches of the dungeon, and saw 22 of its levels.

You collected 5091 gold pieces.
You paid 2721 gold pieces to Gozag.

Inventory:

Hand Weapons
 a - the +7 hand axe of the Stoat {flame, *Slow rF+ Int+6}
   (You found it on level 5 of the Dungeon)

   It has been specially enchanted to burn those struck by it, causing extra
   injury to most foes and up to half again as much damage against particularly
   susceptible opponents.
   Big, fiery blades are also staple armaments of hydra-hunters.
   It affects your intelligence (+6).
   It protects you from fire.
   It may slow you when you take damage.
 b - a +8 battleaxe of venom (weapon)
Armour
 l - a +2 pair of gloves (worn)
 m - a +0 troll leather armour (worn)
 p - a +2 hat (worn)
 y - the +0 cloak of Piroj (worn) {Str+3 Int+4 Dex+3}
   (You found it on level 7 of the Dungeon)

   It affects your strength (+3).
   It affects your intelligence (+4).
   It affects your dexterity (+3).
Jewellery
 c - an uncursed ring of resist corrosion {unknown}
 o - a +2 ring of evasion (left hand)
 v - an uncursed amulet of harm
 w - an uncursed amulet of regeneration {unknown}
 U - a ring of see invisible (right hand)
 X - an uncursed ring of poison resistance {unknown}
Wands
 f - a wand of lightning (8/15)
 n - a wand of lightning (5/15)
 s - a wand of lightning (6/15)
 H - a wand of acid (1/15)
 I - a wand of disintegration (11/24)
 M - a wand of lightning (5/15)
 W - a wand of paralysis (13/24)
Scrolls
 d - 8 scrolls of teleportation {unknown}
 e - 4 scrolls of amnesia
 g - 5 scrolls of remove curse {unknown}
 h - 2 scrolls of recharging {unknown}
 i - 3 scrolls of fear {unknown}
 j - a scroll of noise {unknown}
 k - 3 scrolls of enchant armour {unknown}
 q - 2 scrolls of random uselessness {unknown}
 t - 3 scrolls of blinking {unknown}
 D - 2 scrolls of fog {unknown}
 E - 2 scrolls of holy word {unknown}
 F - 3 scrolls of magic mapping {unknown}
 S - a scroll of summoning {unknown}
Books
 u - a book of Conjurations

   Spells                             Type                      Level
   a - Magic Dart                     Conjuration                  1
   b - Searing Ray                    Conjuration                  2
   c - Dazzling Spray                 Conjuration/Hexes            3
   d - Fulminant Prism                Conjuration/Hexes            4
   e - Force Lance                    Conjuration/Translocation    4
   f - Iskenderun's Mystic Blast      Conjuration                  4


   Skills:
 + Level 14.1 Fighting
   Level 5.1 Long Blades
 + Level 10.9 Axes
 + Level 12.1 Armour
 - Level 1.0 Stealth
   Level 2.4 Shields
 - Level 5.0 Evocations


You had 13 spell levels left.
You didn't know any spells.

Dungeon Overview and Level Annotations

Branches:
Dungeon (15/15)            Temple (1/1) D:5            Lair (6/6) D:9
  Swamp (0/4) Lair:2        Snake (0/4) Lair:4          Orc (0/2) D:12
  Slime: Lair:5-6    Vaults: D:13-14     Depths: D:15

Altars:
Ashenzari
Cheibriados
Dithmenos
Elyvilon
Fedhas
Gozag
Hepliaklqana
Kikubaaqudgha
Makhleb
Nemelex Xobeh
Okawaru
Qazlal
Ru
Sif Muna
Trog
Uskayaw
Vehumet
Xom
Yredelemnul
Zin
The Shining One

Shops:
D:4 (

Annotations:
D:8 exclusion: 2 oklob plants


Innate Abilities, Weirdness & Mutations

You do not eat or drink.
Your flesh is vulnerable to fire.
You are immune to poison.
Your flesh is cold resistant. (rC+)
You are immune to negative energy. (rN+++)
You are immune to unholy pain and torment.
You can survive without breathing.
You are in touch with the powers of death.


Message History

You hit the yak.
The yak looks as sick as possible!
You hit the yak but do no damage.
The helpless yak fails to defend itself.
You slice the yak!!
You kill the yak!
You are engulfed in calcifying dust.
The catoblepas misses you.
The yak snorts and paws the ground.
The yak barely misses you. x2; The catoblepas gores you!
* * * LOW HITPOINT WARNING * * *
The yak barely misses you.
As you read the scroll labeled VENKY BYWEWNUS, it crumbles to dust.
It is a scroll of amnesia.
You feel forgetful for a moment. The yak gores you!
* * * LOW HITPOINT WARNING * * *
The catoblepas breathes a plume of calcifying dust at you.
The blast of calcifying dust hits you!
* * * LOW HITPOINT WARNING * * *
The yak gores you!
You die...
Your body crumbles into a pile of gold.

### ## #.####### ##
#.##...P##.. ..#
#...<....... ...#
#####.....#..... #P..#
P.$####.......P. #...###
...## #.......## #...##Y...#
#.......## #.Y@...#
#....<.... # ##.$Y##PP#
#........# #. ##..### #
##........ ... #..## ###
#........ #...###.## ###.##
#........ ........####....##
#..!.....
.###....P##......###........
###P..#......###..P......
##.....##..# #........#


You could see a catoblepas and 2 yaks.

Vanquished Creatures
  Snorg (D:11)
  A catoblepas (Lair:6)
  6 hydras
  Harold (D:11)
  3 two-headed ogres
  The ghost of Crownlay the Cleaver, a novice MiBe of Trog (D:10)
  10 death yaks
  Erica (Lair:1)
  Nergalle (D:11)
  Sonja (D:12)
  An unseen horror (D:10)
  3 ugly things
  A manticore (D:14)
  2 cyclopes
  3 elephants (Lair:4)
  2 black mambas (Lair:3)
  A gargoyle (D:13)
  4 rime drakes
  7 spiny frogs
  7 komodo dragons
  4 trolls
  A polar bear (Lair:5)
  5 hippogriffs
  2 tyrant leeches (Lair:2)
  Prince Ribbit (D:7)
  A hornet (D:14)
  3 blink frogs
  4 wyverns
  2 wraiths (D:12)
  4 hogs (D:7)
  A basilisk (Lair:3)
  48 yaks
  A human (D:7)
  2 hungry ghosts
  A steam dragon (D:11)
  7 nagas (Lair:4)
  4 vampire mosquitoes (D:13)
  A swamp worm (Lair:2)
  13 water moccasins
  13 porcupines
  Duvessa (D:7)
  A black bear (D:11)
  2 eyes of draining
  6 ice beasts
  5 sky beasts
  7 orc warriors
  3 phantoms
  11 wolves (Lair:2)
  4 ogres
  10 centaurs
  12 crocodiles
  2 big kobolds
  19 bullfrogs
  Dowan (D:7)
  2 scorpions
  3 killer bees (D:10)
  8 wights
  A howler monkey (D:9)
  2 electric eels
  2 bullfrog zombies (D:12)
  3 centaur zombies
  5 crimson imps
  A quasit (D:6)
  5 hounds
  3 jellies
  A centaur skeleton (D:5)
  7 orc priests
  4 bullfrog skeletons
  4 iguanas
  8 worker ants
  14 orc wizards
  2 killer bee zombies
  2 hound zombies
  A hound skeleton (D:7)
  A worker ant zombie (D:10)
  A howler monkey skeleton (D:9)
  3 gnolls (D:9)
  13 adders
  A shadow imp (D:10)
  An ooze (D:1)
  4 worms
  An adder skeleton (D:4)
  3 dart slugs
  5 leopard geckos
  65 orcs
  4 ball pythons
  3 giant cockroaches
  5 goblins
  7 hobgoblins
  10 jackals
  5 quokkas
  6 bats
  4 frilled lizards
  2 jackal skeletons
  15 kobolds
  A leopard gecko zombie (D:7)
  A quokka skeleton (D:8)
  A quokka zombie (D:8)
  6 rats
  2 fungi
  A plant (Lair:6)
508 creatures vanquished.

Vanquished Creatures (others)
  An adder (D:8)
  5 fungi
  8 plants
14 creatures vanquished.

Grand Total: 522 creatures vanquished

Notes
Turn   | Place    | Note
-------+----------+-------------------------------------------
     0 | D:1      | corax the Mummy Fighter began the quest for the Orb.
     0 | D:1      | Reached XP level 1. HP: 18/18 MP: 1/1
    77 | D:1      | Reached XP level 2. HP: 22/24 MP: 2/2
  1054 | D:1      | Reached XP level 3. HP: 26/29 MP: 3/3
  1801 | D:2      | Found a faded altar of an unknown god.
  2178 | D:2      | Found a sacrificial altar of Ru.
  2456 | D:3      | Reached XP level 4. HP: 37/37 MP: 4/4
  2734 | D:3      | Found a snail-covered altar of Cheibriados.
  2735 | D:3      | Found a glowing silver altar of Zin.
  2811 | D:3      | Reached skill level 4 in Fighting
  2891 | D:5      | Entered Level 5 of the Dungeon
  2993 | D:3      | Reached XP level 5. HP: 42/42 MP: 5/5
  3192 | D:4      | Noticed an ogre
  3213 | D:4      | Killed an ogre
  3213 | D:4      | Reached XP level 6. HP: 27/49 MP: 6/6
  3698 | D:4      | Reached skill level 5 in Fighting
  3791 | D:4      | Found Ilumup's Antique Weapon Shoppe.
  3930 | D:5      | Got a brightly glowing hand axe
  4032 | D:5      | Reached XP level 7. HP: 53/56 MP: 7/7
  4152 | D:5      | Found a staircase to the Ecumenical Temple.
  4159 | Temple   | Entered the Ecumenical Temple
  4180 | Temple   | Became a worshipper of Gozag Ym Sagoz the Greedy
  4993 | D:6      | Reached skill level 6 in Fighting
  4993 | D:6      | Reached skill level 5 in Armour
  5140 | D:6      | Reached XP level 8. HP: 35/64 MP: 8/8
  5780 | D:6      | Reached skill level 5 in Long Blades
  5905 | D:7      | Got a faintly humming cloak
  5906 | D:7      | Identified the +0 cloak of Piroj {Str+3 Int+4 Dex+3} (You found it on level 7 of the Dungeon)
  5918 | D:7      | Identified the +7 hand axe of the Stoat {flame, *Slow rF+ Int+6} (You found it on level 5 of the Dungeon)
  5946 | D:7      | Found a white marble altar of Elyvilon.
  5981 | D:7      | Noticed Prince Ribbit
  6148 | D:8      | Reached skill level 1 in Axes
  6421 | D:8      | Found a shimmering altar of Xom.
  6545 | D:8      | Reached skill level 7 in Fighting
  6647 | D:7      | Noticed Duvessa
  6657 | D:7      | Noticed Dowan
  6662 | D:7      | Killed Duvessa
  6667 | D:7      | Killed Dowan
  6738 | D:7      | Reached XP level 9. HP: 71/72 MP: 9/9
  7057 | D:7      | Reached skill level 8 in Fighting
  7239 | D:7      | Killed Prince Ribbit
  7618 | D:7      | Found a deep blue altar of Sif Muna.
  7813 | D:8      | Found a blossoming altar of Fedhas.
  7816 | D:8      | Noticed an oklob plant
  7816 | D:8      | Noticed an oklob plant
  8413 | D:9      | Found a staircase to the Lair.
  8424 | D:10     | Entered Level 10 of the Dungeon
  8522 | D:9      | Found a white marble altar of Elyvilon.
  8551 | D:9      | Reached XP level 10. HP: 31/82 MP: 10/10
  8715 | D:9      | Reached skill level 9 in Fighting
  8715 | D:9      | Reached skill level 5 in Axes
  9002 | D:10     | Noticed Crownlay's ghost (novice MiBe)
 10045 | Lair:1   | Entered Level 1 of the Lair of Beasts
 10875 | Lair:3   | Noticed an eight-headed hydra
 11046 | Lair:1   | Noticed Erica
 11148 | D:10     | Reached skill level 10 in Fighting
 11542 | D:11     | Reached XP level 11. HP: 66/91 MP: 11/11
 11622 | D:11     | Noticed Harold
 11692 | D:11     | Noticed Snorg
 11711 | D:11     | Killed Snorg
 11711 | D:11     | Reached skill level 1 in Evocations
 11856 | D:10     | Killed an unseen horror
 12129 | D:11     | Noticed a two-headed ogre
 12136 | D:11     | Killed a two-headed ogre
 12293 | D:11     | Noticed a brown ugly thing
 12302 | D:11     | Killed a brown ugly thing
 12762 | D:10     | Killed Crownlay's ghost
 13252 | D:11     | Killed Harold
 13443 | D:11     | Reached skill level 11 in Fighting
 13576 | D:11     | Noticed a two-headed ogre
 13584 | D:11     | Killed a two-headed ogre
 13705 | D:11     | Noticed Nergalle
 13725 | D:11     | Killed Nergalle
 14147 | D:12     | Reached XP level 12. HP: 99/100 MP: 14/14
 14207 | D:12     | Found a staircase to the Orcish Mines.
 14300 | D:12     | Identified Yrurih's Tome of Sinister Air
 14309 | D:12     | Noticed Sonja
 14314 | D:12     | Killed Sonja
 14684 | D:13     | Reached skill level 10 in Armour
 14756 | D:13     | Found a hazy altar of Hepliaklqana.
 14823 | D:13     | HP: 1/100 [centaur/arrow (12)]
 15386 | D:13     | Noticed a four-headed hydra
 15393 | D:13     | Killed a one-headed hydra
 15393 | D:13     | Reached skill level 5 in Evocations
 15486 | D:13     | Noticed a yaktaur captain
 15511 | D:13     | Reached skill level 12 in Fighting
 15930 | D:15     | Entered Level 15 of the Dungeon
 16331 | D:15     | Noticed a centaur warrior
 16605 | D:13     | Reached skill level 1 in Stealth
 16723 | Lair:1   | Killed Erica
 17324 | Lair:1   | Noticed a two-headed ogre
 17336 | Lair:1   | Killed a two-headed ogre
 17980 | Lair:2   | Gained mutation: You are in touch with the powers of death. [Mummy growth]
 17980 | Lair:2   | Reached XP level 13. HP: 70/109 MP: 16/16
 18164 | Lair:2   | Found a staircase to the Swamp.
 20259 | Lair:3   | Reached skill level 13 in Fighting
 20629 | Lair:4   | Reached skill level 10 in Axes
 21087 | Lair:4   | HP: 5/111 [death yak (18)]
 21784 | Lair:4   | Found a staircase to the Snake Pit.
 22086 | Lair:6   | Entered Level 6 of the Lair of Beasts
 22741 | Lair:5   | Reached XP level 14. HP: 115/119 MP: 17/17
 23374 | Lair:6   | Reached skill level 14 in Fighting
 23662 | Lair:6   | Slain by a yak

Skill      XL: |  1  2  3  4  5  6  7  8  9 10 11 12 13 14 |
---------------+-------------------------------------------+-----
Long Blades    | 2 3 4 5 |  5.1
Armour         | 3 4 5 6 7 8 9 10 11 12 | 12.1
Fighting       | 4 5 6 7 8 10 11 12 13 14 | 14.1
Axes           | 2 4 6 7 9 10 | 10.9
Evocations     | 3 5 |  5.0
Stealth        | 1 |  1.0
Shields        | |  2.4

Action                   |  1- 3 |  4- 6 |  7- 9 | 10-12 | 13-15 || total
-------------------------+-------+-------+-------+-------+-------++-------
Melee: Long sword        |   141 |   164 |   148 |       |       ||   453
       Hand axe          |       |       |   193 |   909 |   252 ||  1354
       Battleaxe         |       |       |       |       |   222 ||   222
Invok: Potion Petition   |       |       |     1 |     5 |     1 ||     7
Evoke: Wand              |       |       |       |     4 |       ||     4
  Use: Scroll            |       |       |     2 |     7 |     9 ||    18
 Stab: Distracted        |       |       |       |     3 |     1 ||     4
       Sleeping          |       |       |       |     1 |     1 ||     2
       Invisible         |       |       |       |     1 |       ||     1
       Petrified         |       |       |       |       |     2 ||     2
Armor: Scale mail        |    81 |     3 |       |       |       ||    84
       Troll leather arm |       |    78 |   120 |   294 |   174 ||   666
Dodge: Dodged            |    66 |   135 |   208 |   580 |   314 ||  1303
       Rpst.: Long sword |    21 |    40 |    25 |       |       ||    86
